 Dungeon Crawl Stone Soup version 0.31-a0-1165-g196b491b36 (webtiles) character file.

Game seed: 4405346457715532193

887 dialectric the Trooper (level 7, -5/64 HPs)
             Began as a Minotaur Fighter on Dec 9, 2023.
             Slain by a troll (12 damage)
             ... on level 5 of the Dungeon.
             The game lasted 00:03:07 (3279 turns).

dialectric the Trooper (Minotaur Fighter)           Turns: 3279, Time: 00:03:08

Health: -5/64      AC:  7    Str: 21    XL:     7   Next: 77%
Magic:  6/6        EV: 11    Int:  5    God:
Gold:   287        SH:  0    Dex: 11    Spells: 6/6 levels left

rFire   . . .        r - +0 flail (drain)
rCold   . . .        (no shield)
rNeg    + . .        b - +0 scale mail
rPois   .            (helmet restricted)
rElec   .            (no cloak)
rCorr   .            (no gloves)
SInv    .            (no boots)
Will    .....        (no amulet) Stlth
                     i - ring of positive energy
HPRegen 0.30/turn    (no ring)
MPRegen 0.10/turn

%: no passive effects
@: no status effects
A: horns 2, retaliatory headbutt
a: no special abilities


You were on level 5 of the Dungeon.
You visited 1 branch of the dungeon, and saw 5 of its levels.

You collected 287 gold pieces.

Inventory:

Hand Weapons
 a - a +0 flail of flaming
 r - a +0 flail of draining (weapon)
Missiles
 p - 18 poisoned darts (quivered)
Armour
 b - a +0 scale mail (worn)
 c - a +0 buckler
Jewellery
 i - a ring of positive energy (left hand)
Scrolls
 g - a scroll of identify {unknown}
 j - a scroll of brand weapon
 l - 2 scrolls of poison {unknown}
 n - 2 scrolls of revelation {unknown}
 o - 2 scrolls of immolation {unknown}
 q - 2 scrolls of teleportation
 s - a scroll of enchant weapon {unknown}
 t - 2 scrolls of vulnerability {unknown}
Potions
 d - a potion of might
 e - a potion of resistance {unknown}
 f - 2 potions of heal wounds {unknown}
 h - a potion of degeneration {unknown}
 k - 2 potions of mutation {unknown}
 m - a potion of berserk rage {unknown}
 u - a potion of curing {unknown}


   Skills:
 + Level 6.4 Fighting
 + Level 5.8 Maces & Flails
 + Level 6.3 Armour
 + Level 4.6 Dodging
 - Level 3.6 Shields


You had 6 spell levels left.
You didn't know any spells.
Your spell library contained the following spells:

 Spells                   Type           Power      Damage    Failure   Level
 Slow                     Hex            0%         N/A       80%         1
 Confusing Touch          Hex            0%         N/A       99%         3
 Dazzling Flash           Conj/Hex       0%         N/A       99%         3
 Gell's Gravitas          Tloc           0%         N/A       99%         3
 Ozocubu's Armour         Ice            0%         N/A       99%         3
 Sigil of Binding         Hex            0%         N/A       99%         3
 Teleport Other           Tloc           0%         N/A       99%         3
 Vampiric Draining        Necr           0%         2d6       99%         3
 Volatile Blastmotes      Fire/Tloc      0%         2d10      99%         3
 Dispersal                Tloc           0%         N/A       100%        6
 Starburst                Conj/Fire      0%         6d3       100%        6
 Maxwell's Capacitive Co  Air            0%         ∞         100%        8
 Summon Horrible Things   Summ           0%         N/A       100%        8
 Polar Vortex             Ice            0%         N/A       100%        9


Dungeon Overview and Level Annotations

Branches:
Dungeon (5/15)             Temple (0/1) D:4

Altars:
Cheibriados
Fedhas


Innate Abilities, Weirdness & Mutations

You have a pair of horns on your head.
You reflexively headbutt those who attack you in melee.


Message History

You headbutt the sleepcap! You sock the sleepcap! You headbutt the sleepcap.
You destroy the sleepcap!
Unknown command.
No target in view!
No target in view!
Unknown command.
A troll comes into view.
The troll shouts!
A troll is nearby!
A troll is nearby!
A troll is nearby!
The troll barely misses you. The troll claws you. The troll barely misses you.
You see here a yellow potion.
A troll is nearby!
You hit the troll. You headbutt the troll!
The troll is moderately wounded.
The troll bites you. The troll claws you! The troll claws you.
You barely miss the troll.
The troll is moderately wounded.
The troll closely misses you. The troll claws you. The troll barely misses you.
You closely miss the troll.
You headbutt the troll, but do no damage.
The troll is moderately wounded.
The troll barely misses you. The troll claws you! The troll claws you.
The troll bites you. The troll closely misses you. The troll claws you.
* * * LOW HITPOINT WARNING * * *
You are too injured to fight recklessly!
You are too injured to fight recklessly!
You are too injured to fight recklessly!
You are too injured to fight recklessly!
You are too injured to fight recklessly!
You barely miss the troll.
The troll is moderately wounded.
The troll bites you!
* * * LOW HITPOINT WARNING * * *
The troll claws you.
* * * LOW HITPOINT WARNING * * *
The troll claws you!
You die...

####### #.....#
#.....# #.....#
#..T..# #..@..#
.######..### ## ###
...........#####..
..##
#######..#.#.....# #..
##.#..#.......# #.# #
##.............###.# #
#........#.###.....###
##....##.............#
##.#.##...###...#.#.#


You could see a troll.

Vanquished Creatures
  Duvessa (D:5)
  An ogre (D:5)
  A centaur (D:4)
  Blork the orc (D:5)
  2 scorpions
  Dowan (D:5)
  2 orc priests
  A sleepcap (D:5)
  An iguana (D:5)
  An orc wizard (D:5)
  6 gnolls
  9 adders
  2 worms
  2 dart slugs (D:4)
  16 orcs
  9 ball pythons
  8 bats
  8 endoplasms
  3 giant cockroaches
  9 goblins
  5 hobgoblins
  2 jackals (D:2)
  6 kobolds
  4 quokkas
  A frilled lizard (D:1)
  2 rats
104 creatures vanquished.

Notes
Turn   | Place    | Note
-------+----------+-------------------------------------------
     0 | D:1      | dialectric the Minotaur Fighter began the quest for the
                  | Orb.
     0 | D:1      | Reached XP level 1. HP: 19/19 MP: 0/0
   170 | D:1      | Reached XP level 2. HP: 26/27 MP: 1/1
   296 | D:1      | Reached skill level 1 in Dodging
   489 | D:1      | Found a faded altar of an unknown god.
   668 | D:2      | Reached XP level 3. HP: 33/33 MP: 2/2
  1350 | D:3      | Reached XP level 4. HP: 40/40 MP: 3/3
  1545 | D:3      | Reached XP level 5. HP: 44/47 MP: 4/4
  1745 | D:3      | Found a blossoming altar of Fedhas.
  1745 | D:3      | Found a snail-covered altar of Cheibriados.
  1930 | D:3      | Reached skill level 5 in Armour
  1941 | D:3      | Reached skill level 5 in Fighting
  2123 | D:4      | Noticed a centaur
  2132 | D:4      | Killed a centaur
  2133 | D:4      | Reached XP level 6. HP: 39/56 MP: 5/5
  2270 | D:4      | Found a staircase to the Ecumenical Temple.
  2278 | D:4      | Got the Folio of Hyperborean Support
  2517 | D:5      | Entered Level 5 of the Dungeon
  2517 | D:5      | Noticed Blork the orc
  2528 | D:5      | Killed Blork the orc
  2665 | D:5      | Reached skill level 5 in Maces & Flails
  2665 | D:5      | Reached XP level 7. HP: 31/62 MP: 6/6
  2886 | D:5      | Noticed Duvessa
  2886 | D:5      | Noticed Dowan
  2895 | D:5      | Killed Duvessa
  2910 | D:5      | Killed Dowan
  3272 | D:5      | Noticed a troll
  3279 | D:5      | Slain by a troll

Illustrated notes

Levels and vault maps discovered:
D:1:      lordsloth_arrival_two_stooges, layout_basic,
          hellmonk_ecumenical_altar_leap_of_faith
D:2:      layout_basic
D:3:      layout_basic, nicolae_overflow_two_pavilions
D:4:      layout_basic, minmay_temple_entry_offerings
D:5:      layout_loops_ring, uniq_blork_the_orc, uniq_duvessa

Skill      XL: |  1  2  3  4  5  6  7 |
---------------+----------------------+-----
Dodging        | 1 2 3 4 |  4.6
Fighting       | 4 5 6 |  6.4
Maces & Flails | 3 4 5 |  5.8
Armour         | 4 5 6 |  6.3
Shields        | |  3.6

Action                     |  1- 3 |  4- 6 |  7- 9 || total
---------------------------+-------+-------+-------++-------
  Melee: Flail             |    70 |   128 |    50 ||   248
         Headbutt          |    10 |    19 |    11 ||    40
         Punch             |     1 |       |     1 ||     2
  Throw: Dart              |       |       |     2 ||     2
    Use: Scroll            |       |     1 |     1 ||     2
 Armour: Scale mail        |    52 |   124 |    58 ||   234
  Dodge: Dodged            |    44 |    94 |    29 ||   167

Table legend: (Time is in decaauts)
 A = Elapsed time spent in this place.
 B = Non-inter-level travel time spent in this place.
 C = Inter-level travel time spent in this place.
 D = Time resting spent in this place.
 E = Time spent auto-exploring this place.
 F = Levels seen in this place.
 G = Mean time per level.
                   A        B        C        D        E       F      G
               +--------+--------+--------+--------+--------+-----+--------+
         Total |   3327 |   3241 |     86 |      0 |   2557 |   5 |  665.4 |
       Dungeon |   3327 |   3241 |     86 |      0 |   2557 |   5 |  665.4 |
               +--------+--------+--------+--------+--------+-----+--------+

Top non-repeatable levels by time:
     D:5: 769 daAuts
     D:3: 687 daAuts
     D:1: 656 daAuts
     D:2: 637 daAuts
     D:4: 576 daAuts
